 Dungeon Crawl Stone Soup version 0.31-a0-819-gf6de2f5ab6 (webtiles) character file.

Game seed: 7531734751439929702

4 qw the Shooter (level 1, -1/12 HPs)
             Began as a Gargoyle Hunter on Sept 23, 2023.
             Frozen to death by an endoplasm (5 damage)
             ... on level 1 of the Dungeon.
             The game lasted 00:00:01 (70 turns).

qw the Shooter (Gargoyle Hunter)                      Turns: 70, Time: 00:00:02

Health: -1/12      AC:  5    Str: 14    XL:     1   Next: 70%
Magic:  1/1        EV: 11    Int:  9    God:
Gold:   0          SH:  0    Dex: 13    Spells: 0/0 levels left

rFire   . . .        a - +0 shortbow
rCold   . . .        (shield currently unavailable)
rNeg    + . .        c - +0 leather armour
rPois   inf          (no helmet)
rElec   +            (no cloak)
rCorr   .            (no gloves)
SInv    .            (no boots)
Will    .....        (no amulet)
Stlth   +            (no ring)
HPRegen 0.22/turn    (no ring)
MPRegen 0.07/turn

%: no passive effects
@: no status effects
A: sickness immunity, AC +2, negative energy resistance 1, electricity
resistance, torment resistance 1, petrification resistance
a: no special abilities


You were on level 1 of the Dungeon.
You visited 1 branch of the dungeon, and saw 1 of its levels.


Innate Abilities, Weirdness & Mutations

You are immune to sickness and miasma.
Your stone body is resilient. (AC +2)
You are immune to poison.
You resist negative energy. (rN+)
You are resistant to electric shocks. (rElec)
You are resistant to unholy torment.
You are immune to petrification.


   Skills:
 - Level 2.1 Fighting
 + Level 4.2 Ranged Weapons
 - Level 1.5 Dodging
 - Level 1.1 Stealth


You couldn't memorise any spells.
You didn't know any spells.
Your spell library was empty.

Inventory:

Hand Weapons
 a - a +0 shortbow (weapon)
Armour
 c - a +0 leather armour (worn)
Scrolls
 b - a scroll of butterflies
 d - a scroll of teleportation {unknown}

Dungeon Overview and Level Annotations

Branches:
Dungeon (1/15)

Altars:


Message History

You shoot an arrow. The arrow hits the ball python.
You kill the ball python!
A hobgoblin comes into view.
You shoot an arrow. The arrow hits the hobgoblin.
The hobgoblin is almost dead.
You shoot an arrow. The arrow hits the hobgoblin.
You kill the hobgoblin!
A goblin comes into view. It is wielding a +0 dagger.
You shoot an arrow. The arrow hits the goblin.
You kill the goblin!
A giant cockroach comes into view.
The giant cockroach moves out of view.
You shoot an arrow.
The arrow barely misses the giant cockroach.
You shoot an arrow.
The arrow barely misses the giant cockroach.
An endoplasm comes into view.
You shoot an arrow.
The arrow barely misses the giant cockroach.
The giant cockroach barely misses you. The giant cockroach closely misses you.
You shoot an arrow. The arrow hits the giant cockroach.
The giant cockroach is lightly wounded.
The giant cockroach bites you but does no damage.
You shoot an arrow.
The arrow hits the giant cockroach but does no damage.
The giant cockroach is lightly wounded.
The endoplasm freezes you.
You are frozen.
The giant cockroach bites you. The endoplasm barely misses you.
You shoot an arrow. The arrow hits the giant cockroach.
The giant cockroach is moderately wounded.
The giant cockroach bites you but does no damage.
The endoplasm freezes you.
You are frozen.
The giant cockroach closely misses you.
You shoot an arrow.
The arrow hits the giant cockroach but does no damage.
The giant cockroach is moderately wounded.
The giant cockroach barely misses you. The endoplasm freezes you.
You are frozen.
You die...

###.##.#
.......####
###.......#
#######.#
#.# #.# .
#.# ... #.#
#######.....
#.#
#...@B......
#.#
#.###J......
#.# #.#
.#####.
#.###.###.#
#........)#
#####.###.#
#.# .# #.#
.. #.#


You could see an endoplasm and a giant cockroach.

Vanquished Creatures
  2 goblins (D:1)
  A hobgoblin (D:1)
  A ball python (D:1)
4 creatures vanquished.

Notes
Turn   | Place    | Note
-------+----------+-------------------------------------------
     0 | D:1      | qw the Gargoyle Hunter began the quest for the Orb.
     0 | D:1      | Reached XP level 1. HP: 12/12 MP: 1/1
     0 | D:1      | 0 ||| qw: Version: 0.3-a-83-gcd0e7d8
     0 | D:1      | 0 ||| qw: Game counter: 1442
     0 | D:1      | 0 ||| qw: Melee chars always use a shield: true
     0 | D:1      | 0 ||| qw: God list: Okawaru
     0 | D:1      | 0 ||| qw: Allow faded altars: false
     0 | D:1      | 0 ||| qw: Do Orc after clearing Dungeon:15 true
     0 | D:1      | 0 ||| qw: Do second Lair branch before Depths: true
     0 | D:1      | 0 ||| qw: Lair rune preference: random
     0 | D:1      | 0 ||| qw: Goals: Normal
     0 | D:1      | 0 ||| PLANNING D:1-11
    69 | D:1      | HP: 3/12 [frozen (5)]
    70 | D:1      | Frozen to death by an endoplasm

Levels and vault maps discovered:
D:1:      minmay_arrival_stone_box, layout_loops_ring, serial_shops,
          shop_fountains

Action                     || total
---------------------------++-------
   Fire: Shortbow          ||    12
 Armour: Leather armour    ||     3
  Dodge: Dodged            ||     5

Table legend:
 A = Non-vault XP
 B = Vault XP
 C = Vault XP percentage of total XP
 D = Non-vault monster count
 E = Vault monster count
 F = Vault count percentage of total count
                 A         B        C        D         E       F
            +---------+---------+-------+---------+---------+-------
      Total |       7 |       0 |   0.0 |       4 |       0 |   0.0
            +---------+---------+-------+---------+---------+-------
        D:1 |       7 |       0 |   0.0 |       4 |       0 |   0.0
            +---------+---------+-------+---------+---------+-------
